R+ - U24
BLUE RIDGE BULLDOGS @ BILLINGS MUSTANGS
09/06/2052
 
TOP OF THE 1ST
Batavia Muckdogs batting - Pitching for State College Spikes : RHP Hayden Feuerhelm
Pitching: RHP Hayden Feuerhelm
Batting: SHB Alejandro Morales 0-0: Ball
1-0: Swinging Strike
1-1: Foul Ball, location: 2F
1-2: Ball
2-2: Ground out 5-3 (Groundball, 56, EV 84.4 MPH)
Batting: RHB Leonardo Perales 0-0: Hit by Pitch
Batting: RHB Stanford Tandy 0-0: Ball
1-0: Foul Ball, location: 2F
1-1: Ball
2-1: Swinging Strike
2-2: Foul Ball, location: 2F
2-2: Ball
3-2: Grounds into double play, 4-6-3 (Groundball, 4, EV 79.4 MPH)
Top of the 1st over - 0 runs, 0 hits, 0 errors, 0 left on base; Batavia 0 - State College 0
BOTTOM OF THE 1ST
State College Spikes batting - Pitching for Batavia Muckdogs : RHP Parker Pando
Pitching: RHP Parker Pando
Batting: RHB Alex Sotelo 0-0: Ball
1-0: Swinging Strike
1-1: Ball
2-1: Foul Ball, location: 2F
2-2: Ball
3-2: Foul Ball, location: 2F
3-2: SINGLE (Line Drive, 8LM, EV 90.0 MPH)
Batting: RHB Jim Kiser 0-0: Fly out, F7 (Flyball, 7, EV 83.8 MPH)
Batting: RHB D.J. Souza 0-0: Foul Ball, location: 2F
0-1: Ball
1-1: Ball
2-1: Ball
3-1: Foul Ball, location: 2F
3-2: Fielders Choice at 2nd, 1-4 (Groundball, 15S, EV 65.0 MPH)
Batting: RHB Elliott Ruíz 0-0: Ground out 4-3 (Groundball, 34, EV 86.9 MPH)
Bottom of the 1st over - 0 runs, 1 hit, 0 errors, 1 left on base; Batavia 0 - State College 0
TOP OF THE 2ND
Batavia Muckdogs batting - Pitching for State College Spikes : RHP Hayden Feuerhelm
Batting: LHB Danny Padilla 0-0: Foul Ball, location: 2F
0-1: Ball
1-1: Swinging Strike
1-2: Ball
2-2: Foul Ball, location: 2F
2-2: Strikes out swinging
Batting: RHB Corky Mendoza 0-0: Ground out 6-3 (Groundball, 6M, EV 92.5 MPH)
Batting: LHB Vince Kirk 0-0: Ball
1-0: Fly out, F9 (Flyball, 9, EV 85.0 MPH)
Top of the 2nd over - 0 runs, 0 hits, 0 errors, 0 left on base; Batavia 0 - State College 0
BOTTOM OF THE 2ND
State College Spikes batting - Pitching for Batavia Muckdogs : RHP Parker Pando
Batting: RHB Linn Hewitt 0-0: Ball
1-0: Fly out, F8 (Flyball, 8LXD, EV 98.1 MPH)
Batting: RHB Ed Mills 0-0: Called Strike
0-1: Swinging Strike
0-2: Ball
1-2: Strikes out swinging
Batting: RHB Nathan Tomaszewski 0-0: Ball
1-0: Foul Ball, location: 2F
1-1: Swinging Strike
1-2: Ball
2-2: Ball
3-2: SINGLE (Flyball, 78S, EV 95.0 MPH)
Batting: RHB Jimmy Vaughn 0-0: Swinging Strike
0-1: Foul Ball, location: 2F
0-2: Strikes out swinging
Bottom of the 2nd over - 0 runs, 1 hit, 0 errors, 1 left on base; Batavia 0 - State College 0
TOP OF THE 3RD
Batavia Muckdogs batting - Pitching for State College Spikes : RHP Hayden Feuerhelm
Batting: RHB Lincoln Fabert 0-0: Ball
1-0: Fly out, F8 (Line Drive, 8LD, EV 86.9 MPH)
Batting: LHB Jackson McLaurin 0-0: Ball
1-0: Foul Ball, location: 2F
1-1: Foul Ball, location: 2F
1-2: Fly out, F6 (Line Drive, 6, EV 68.1 MPH)
Batting: RHB Emanuel Serna 0-0: Called Strike
0-1: Ball
1-1: Foul Ball, location: 2F
1-2: SINGLE (Groundball, 6MD, EV 97.5 MPH)
Batting: SHB Alejandro Morales 0-0: Called Strike
0-1: Ball
1-1: DOUBLE (Line Drive, 9LM, EV 111.2 MPH)
Emanuel Serna to third
Batting: RHB Leonardo Perales 0-0: Ball
1-0: Swinging Strike
1-1: Ball
2-1: Foul Ball, location: 2F
2-2: Foul Ball, location: 2F
2-2: Strikes out swinging
Top of the 3rd over - 0 runs, 2 hits, 0 errors, 2 left on base; Batavia 0 - State College 0
BOTTOM OF THE 3RD
State College Spikes batting - Pitching for Batavia Muckdogs : RHP Parker Pando
Batting: SHB Carlos Padilla 0-0: Called Strike
0-1: Reached on error, E4 (Groundball, 34D, EV 106.2 MPH)
Batting: RHB Alex Sotelo 0-0: Called Strike
0-1: Grounds into double play, 6-4-3 (Groundball, 6, EV 89.4 MPH)
Batting: RHB Jim Kiser 0-0: Foul Ball, location: 2F
0-1: Swinging Strike
0-2: SINGLE (Flyball, 89S, EV 92.5 MPH)
Batting: RHB D.J. Souza 0-0: Ball
1-0: Called Strike
1-1: Called Strike
1-2: Ball
2-2: Strikes out swinging
Bottom of the 3rd over - 0 runs, 1 hit, 1 error, 1 left on base; Batavia 0 - State College 0
TOP OF THE 4TH
Batavia Muckdogs batting - Pitching for State College Spikes : RHP Hayden Feuerhelm
Batting: RHB Stanford Tandy 0-0: Ball
1-0: Ball
2-0: Called Strike
2-1: DOUBLE (Line Drive, 3D, EV 111.2 MPH)
Batting: LHB Danny Padilla 0-0: Called Strike
0-1: Swinging Strike
0-2: Ball
1-2: Fly out, F6 (Flyball, 56D, EV 84.4 MPH)
Batting: RHB Corky Mendoza 0-0: Ball
1-0: Ball
2-0: SINGLE (Line Drive, 34, EV 108.8 MPH)
Stanford Tandy to third
Runner from 3rd tries for Home, SAFE, throw by RF to home
Batting: LHB Vince Kirk 0-0: Called Strike
0-1: Fielders Choice at 2nd, 6-4 (Groundball, 6, EV 86.2 MPH)
Batting: RHB Lincoln Fabert 0-0: Ground out 4-3 (Groundball, 4, EV 84.4 MPH)
Top of the 4th over - 1 run, 2 hits, 0 errors, 1 left on base; Batavia 1 - State College 0
BOTTOM OF THE 4TH
State College Spikes batting - Pitching for Batavia Muckdogs : RHP Parker Pando
Batting: RHB Elliott Ruíz 0-0: Ball
1-0: Swinging Strike
1-1: Foul Ball, location: 2F
1-2: SINGLE (Groundball, 56, EV 100.0 MPH)
Batting: RHB Linn Hewitt 0-0: Ball
1-0: Called Strike
1-1: Grounds into double play, 6-4-3 (Groundball, 6, EV 106.9 MPH)
Batting: RHB Ed Mills 0-0: Ball
1-0: Ball
2-0: Ball
3-0: Called Strike
3-1: Called Strike
3-2: Base on Balls
Batting: RHB Nathan Tomaszewski 0-0: DOUBLE (Line Drive, 3D, EV 97.5 MPH)
Ed Mills to third
Runner from 3rd tries for Home, SAFE, throw by RF to home
Batting: RHB Jimmy Vaughn 0-0: Called Strike
0-1: Ball
1-1: Swinging Strike
1-2: Foul Ball, location: 2F
1-2: Ball
2-2: Strikes out swinging
Bottom of the 4th over - 1 run, 2 hits, 0 errors, 1 left on base; Batavia 1 - State College 1
TOP OF THE 5TH
Batavia Muckdogs batting - Pitching for State College Spikes : RHP Hayden Feuerhelm
Batting: LHB Jackson McLaurin 0-0: Ball
1-0: Foul Ball, location: 2F
1-1: Ball
2-1: Foul Ball, location: 2F
2-2: Foul Ball, location: 2F
2-2: Ball
3-2: Fly out, F7 (Flyball, 7S, EV 87.5 MPH)
Batting: RHB Emanuel Serna 0-0: Fly out, F9 (Flyball, 9S, EV 93.8 MPH)
Batting: SHB Alejandro Morales 0-0: Ball
1-0: Swinging Strike
1-1: Foul Ball, location: 2F
1-2: Ball
2-2: Strikes out swinging
Top of the 5th over - 0 runs, 0 hits, 0 errors, 0 left on base; Batavia 1 - State College 1
BOTTOM OF THE 5TH
State College Spikes batting - Pitching for Batavia Muckdogs : RHP Parker Pando
Batting: SHB Carlos Padilla 0-0: Called Strike
0-1: Ball
1-1: Foul Ball, location: 2F
1-2: Foul Ball, location: 2F
1-2: Ball
2-2: Foul Ball, location: 2F
2-2: Ball
3-2: Foul Ball, location: 2F
3-2: Ground out 5-3 (Groundball, 56S, EV 88.1 MPH)
Batting: RHB Alex Sotelo 0-0: Called Strike
0-1: Ball
1-1: Swinging Strike
1-2: Ball
2-2: SINGLE (Groundball, 56S, EV 73.8 MPH) (infield hit)
Batting: RHB Jim Kiser 0-0: Called Strike
0-1: Foul Ball, location: 2F
0-2: Ball
1-2: Ball
2-2: Strikes out looking
Pitching: RHP Vladimiro Rubio
Batting: RHB D.J. Souza 0-0: Ball
1-0: Foul Ball, location: 2F
1-1: Foul Ball, location: 2F
1-2: Ball
2-2: Ball
3-2: Foul Ball, location: 2F
3-2: Strikes out swinging
Bottom of the 5th over - 0 runs, 1 hit, 0 errors, 1 left on base; Batavia 1 - State College 1
TOP OF THE 6TH
Batavia Muckdogs batting - Pitching for State College Spikes : RHP Hayden Feuerhelm
Batting: RHB Leonardo Perales 0-0: Ground out 5-3 (Groundball, 56, EV 86.2 MPH)
Batting: RHB Stanford Tandy 0-0: Ball
1-0: Ball
2-0: Ball
3-0: Called Strike
3-1: SINGLE (Groundball, 34D, EV 97.5 MPH)
Batting: LHB Danny Padilla 0-0: Called Strike
0-1: Ball
1-1: Called Strike
1-2: Fly out, F7 (Flyball, 7S, EV 71.2 MPH)
Batting: RHB Corky Mendoza 0-0: Called Strike
0-1: Ball
1-1: Called Strike
1-2: Foul Ball, location: 2F
1-2: SINGLE (Groundball, 6D, EV 106.2 MPH)
Stanford Tandy to second
Pitching: RHP Manuel Flores
Batting: LHB Vince Kirk 0-0: Ball
1-0: Called Strike
1-1: Ball
2-1: Fly out, F8 (Line Drive, 8LD, EV 92.5 MPH)
Top of the 6th over - 0 runs, 2 hits, 0 errors, 2 left on base; Batavia 1 - State College 1
BOTTOM OF THE 6TH
State College Spikes batting - Pitching for Batavia Muckdogs : RHP Vladimiro Rubio
Batting: RHB Elliott Ruíz 0-0: Swinging Strike
0-1: Fly out, F8 (Flyball, 8RM, EV 83.1 MPH)
Batting: RHB Linn Hewitt 0-0: Foul Ball, location: 2F
0-1: Called Strike
0-2: Ball
1-2: Strikes out swinging
Batting: RHB Ed Mills 0-0: Called Strike
0-1: Foul Ball, location: 2F
0-2: Ball
1-2: Ball
2-2: Fly out, F7 (Flyball, 7LS, EV 88.8 MPH)
Bottom of the 6th over - 0 runs, 0 hits, 0 errors, 0 left on base; Batavia 1 - State College 1
TOP OF THE 7TH
Batavia Muckdogs batting - Pitching for State College Spikes : RHP Manuel Flores
Batting: RHB Lincoln Fabert 0-0: Swinging Strike
0-1: Ball
1-1: Called Strike
1-2: Foul Ball, location: 2F
1-2: Strikes out swinging
Batting: LHB Jackson McLaurin 0-0: Ball
1-0: Called Strike
1-1: Swinging Strike
1-2: Foul Ball, location: 2F
1-2: Ground out 4-3 (Groundball, 4, EV 77.5 MPH)
Batting: RHB Emanuel Serna 0-0: Swinging Strike
0-1: Ground out 6-3 (Groundball, 6, EV 78.8 MPH)
Top of the 7th over - 0 runs, 0 hits, 0 errors, 0 left on base; Batavia 1 - State College 1
BOTTOM OF THE 7TH
State College Spikes batting - Pitching for Batavia Muckdogs : RHP Vladimiro Rubio
Batting: RHB Nathan Tomaszewski 0-0: Ball
1-0: Ball
2-0: Foul Ball, location: 2F
2-1: Fly out, F4 (Flyball, 34D, EV 81.2 MPH)
Batting: RHB Jimmy Vaughn 0-0: Called Strike
0-1: Called Strike
0-2: Strikes out swinging
Batting: SHB Carlos Padilla 0-0: Called Strike
0-1: Ball
1-1: Foul Ball, location: 2F
1-2: Foul Ball, location: 2F
1-2: Fly out, F5 (Popup, 56S, EV 78.8 MPH)
Bottom of the 7th over - 0 runs, 0 hits, 0 errors, 0 left on base; Batavia 1 - State College 1
TOP OF THE 8TH
Batavia Muckdogs batting - Pitching for State College Spikes : RHP Manuel Flores
Batting: SHB Alejandro Morales 0-0: Called Strike
0-1: Ball
1-1: Ball
2-1: Ball
3-1: Foul Ball, location: 2F
3-2: Base on Balls
Batting: RHB Leonardo Perales 0-0: Sac Bunt to 13S - play at first, batter OUT! 1-4
Alejandro Morales to second
Batting: RHB Stanford Tandy 0-0: Ball
1-0: Swinging Strike
1-1: Ground out U3 (Groundball, 3S, EV 92.5 MPH)
Alejandro Morales to third
Batting: LHB Danny Padilla 0-0: Ground out 5-3 (Groundball, 56, EV 84.4 MPH)
Top of the 8th over - 0 runs, 0 hits, 0 errors, 1 left on base; Batavia 1 - State College 1
BOTTOM OF THE 8TH
State College Spikes batting - Pitching for Batavia Muckdogs : RHP Vladimiro Rubio
Batting: RHB Alex Sotelo 0-0: Called Strike
0-1: Foul Ball, location: 2F
0-2: Foul Ball, location: 2F
0-2: Ball
1-2: Strikes out looking
Batting: RHB Jim Kiser 0-0: Foul Ball, location: 2F
0-1: Ball
1-1: Foul Ball, location: 2F
1-2: Ball
2-2: Foul Ball, location: 2F
2-2: Ball
3-2: Strikes out swinging
Batting: RHB D.J. Souza 0-0: Swinging Strike
0-1: Called Strike
0-2: Ball
1-2: Ball
2-2: Ball
3-2: Strikes out swinging
Bottom of the 8th over - 0 runs, 0 hits, 0 errors, 0 left on base; Batavia 1 - State College 1
TOP OF THE 9TH
Batavia Muckdogs batting - Pitching for State College Spikes : RHP Manuel Flores
Pitching: RHP Jonah Schaffer
Batting: RHB Corky Mendoza 0-0: Swinging Strike
0-1: Called Strike
0-2: Strikes out swinging
Batting: LHB Vince Kirk 0-0: SINGLE (Flyball, 5D, EV 95.0 MPH)
Batting: RHB Lincoln Fabert 0-0: Ball
1-0: Fielders Choice at 2nd, 1-6 (Groundball, 13S, EV 65.6 MPH)
Batting: LHB Jackson McLaurin 0-0: Ball
Lincoln Fabert is caught stealing 2nd base 2-6
Top of the 9th over - 0 runs, 1 hit, 0 errors, 0 left on base; Batavia 1 - State College 1
BOTTOM OF THE 9TH
State College Spikes batting - Pitching for Batavia Muckdogs : RHP Vladimiro Rubio
Pitching: LHP R.J. Knaup
Batting: RHB Elliott Ruíz 0-0: Ball
1-0: Swinging Strike
1-1: Swinging Strike
1-2: Ball
2-2: Ball
3-2: Strikes out looking
Batting: RHB Linn Hewitt 0-0: Called Strike
0-1: Ball
1-1: Called Strike
1-2: Fly out, F3 (Popup, 23F, EV 83.1 MPH)
Batting: RHB Ed Mills 0-0: Foul Ball, location: 2F
0-1: Ball
1-1: Called Strike
1-2: Foul Ball, location: 2F
1-2: Strikes out swinging
Bottom of the 9th over - 0 runs, 0 hits, 0 errors, 0 left on base; Batavia 1 - State College 1
TOP OF THE 10TH
Batavia Muckdogs batting - Pitching for State College Spikes : RHP Jonah Schaffer
Batting: LHB Jackson McLaurin 0-0: Called Strike
0-1: Called Strike
0-2: Ball
1-2: Strikes out swinging
Batting: RHB Emanuel Serna 0-0: Called Strike
0-1: Foul Ball, location: 2F
0-2: Ball
1-2: Ball
2-2: Strikes out swinging
Batting: SHB Alejandro Morales 0-0: Ball
1-0: Ball
2-0: Called Strike
2-1: Ball
3-1: Base on Balls
Batting: RHB Leonardo Perales 0-0: Called Strike
0-1: Ball
1-1: Ball
2-1: Ball
3-1: Fielders Choice at 2nd, 6-4 (Groundball, 6, EV 83.8 MPH)
Top of the 10th over - 0 runs, 0 hits, 0 errors, 1 left on base; Batavia 1 - State College 1
BOTTOM OF THE 10TH
State College Spikes batting - Pitching for Batavia Muckdogs : LHP R.J. Knaup
Batting: RHB Nathan Tomaszewski 0-0: Ball
1-0: TRIPLE (Flyball, 89XD, EV 93.1 MPH)
Batting: RHB Jimmy Vaughn 0-0: Called Strike
0-1: Ball
1-1: Called Strike
1-2: Strikes out swinging
Batting: SHB Carlos Padilla 0-0: Fielders Choice at home, 6-2 (Groundball, 6, EV 80.6 MPH)
Batting: RHB Alex Sotelo 0-0: Ball
1-0: Fly out, F8 (Flyball, 8RXD, EV 99.4 MPH)
Bottom of the 10th over - 0 runs, 1 hit, 0 errors, 1 left on base; Batavia 1 - State College 1
TOP OF THE 11TH
Batavia Muckdogs batting - Pitching for State College Spikes : RHP Jonah Schaffer
Batting: RHB Stanford Tandy 0-0: Called Strike
0-1: Called Strike
0-2: Strikes out swinging
Batting: LHB Danny Padilla 0-0: Called Strike
0-1: Ball
1-1: Swinging Strike
1-2: Strikes out looking
Batting: RHB Corky Mendoza 0-0: Ball
1-0: Called Strike
1-1: Foul Ball, location: 2F
1-2: Strikes out swinging
Top of the 11th over - 0 runs, 0 hits, 0 errors, 0 left on base; Batavia 1 - State College 1
BOTTOM OF THE 11TH
State College Spikes batting - Pitching for Batavia Muckdogs : LHP R.J. Knaup
Batting: RHB Jim Kiser 0-0: Called Strike
0-1: Called Strike
0-2: Ball
1-2: Ball
2-2: Ball
3-2: Ground out 6-3 (Groundball, 6S, EV 88.8 MPH)
Batting: RHB D.J. Souza 0-0: Called Strike
0-1: Ball
1-1: Ground out 5-3 (Groundball, 56, EV 76.9 MPH)
Batting: RHB Elliott Ruíz 0-0: Called Strike
0-1: Called Strike
0-2: Strikes out swinging
Bottom of the 11th over - 0 runs, 0 hits, 0 errors, 0 left on base; Batavia 1 - State College 1
TOP OF THE 12TH
Batavia Muckdogs batting - Pitching for State College Spikes : RHP Jonah Schaffer
Batting: LHB Vince Kirk 0-0: Called Strike
0-1: Called Strike
0-2: Ball
1-2: Ball
2-2: Fly out, F7 (Flyball, 78S, EV 79.4 MPH)
Batting: RHB Lincoln Fabert 0-0: Fly out, F4 (Popup, 4, EV 57.5 MPH)
Batting: LHB Jackson McLaurin 0-0: Ball
1-0: Ball
2-0: Foul Ball, location: 2F
2-1: DOUBLE (Line Drive, 7LM, EV 104.4 MPH)
Batting: RHB Emanuel Serna 0-0: Ball
1-0: Ball
2-0: Swinging Strike
2-1: Foul Ball, location: 2F
2-2: Ball
3-2: Strikes out swinging
Top of the 12th over - 0 runs, 1 hit, 0 errors, 1 left on base; Batavia 1 - State College 1
BOTTOM OF THE 12TH
State College Spikes batting - Pitching for Batavia Muckdogs : LHP R.J. Knaup
Batting: RHB Linn Hewitt 0-0: Foul Ball, location: 2F
0-1: Ball
1-1: Ball
2-1: Fly out, F7 (Flyball, 7, EV 90.6 MPH)
Batting: RHB Ed Mills 0-0: Ball
1-0: Ball
2-0: SOLO HOME RUN (Flyball, 78XD, EV 105.0 MPH), Distance : 408 ft
Bottom of the 12th over - 1 run, 1 hit, 0 errors, 0 left on base; Batavia 1 - State College 2
Game Over ... State College defeats Batavia, 2 to 1
Monday, May 6th , 2024 - OOTP Baseball 24.11 Build 85